 Dungeon Crawl Stone Soup version 0.18-a0-1140-g8540535 (webtiles) character file.

6253 namelastname112 the Schismatic (level 10, -1/88 HPs)
             Began as a White Draconian Abyssal Knight on Jan 22, 2016.
             Was an Elder of Lugonu.
             Slain by a centaur (3 damage)
             ... on level 10 of the Dungeon.
             The game lasted 00:20:57 (12360 turns).

namelastname112 the Schismatic (DrAK)              Turns: 12360, Time: 00:20:57

Health: -1/88      AC: 10    Str: 15    XL:     10   Next: 62%
Magic:  17/17      EV:  2    Int: 12    God:    Lugonu [****..]
Gold:   549        SH:  0    Dex: 14    Spells: 0 memorised, 9 levels left

rFire  . . .     SeeInvis .     i - +0 hand axe (venom)
rCold  + + .     Gourm    .     (armour unavailable)
rNeg   + + +     Faith    .     (no shield)
rPois  ∞         Spirit   .     (helmet restricted)
rElec  .         Dismiss  .     (no cloak)
rCorr  +         Reflect  .     E - +0 pair of gloves
SustAt .         Harm     .     y - +1 pair of boots
MR     .....                    (no amulet)
Stlth  +.........               s - ring of protection from cold
                                l - ring of resist corrosion

@: petrified, not resistant to hostile enchantments, very unstealthy
A: breathe frost, unfitting armour, blink, blurry vision 1, cold resistance 1,
deterioration 1, cold-blooded, subdued magic 1, AC +7
a: Breathe Frost, Blink, Depart the Abyss, Bend Space, Banish, Corrupt, Renounce
Religion


You were on level 10 of the Dungeon.
You worshipped Lugonu.
Lugonu was greatly pleased with you.
You were near starving.

You visited 1 branch of the dungeon, and saw 10 of its levels.
You visited the Abyss 1 time.

You collected 549 gold pieces.

Inventory:

Hand Weapons
 i - a +0 hand axe of venom (weapon)
 p - a +0 battleaxe
Missiles
 n - 2 throwing nets (quivered)
 r - 14 javelins
Armour
 y - a +1 pair of boots (worn)
 E - a +0 pair of gloves (worn)
Jewellery
 l - a ring of resist corrosion (left hand)
 s - a ring of protection from cold (right hand)
 x - an uncursed ring of sustain attributes {unknown}
 H - an uncursed ring of wizardry {unknown}
Wands
 e - a wand of magic darts (22/48)
 j - a wand of frost (21/48)
 A - a wand of random effects (30/48)
Scrolls
 c - 5 scrolls of identify
 d - a scroll of immolation
 f - 6 scrolls of remove curse
 h - 6 scrolls of teleportation
 w - 3 scrolls of enchant armour
 F - a scroll of enchant weapon {unknown}
Potions
 k - 2 potions of agility
 o - a potion of might
 u - a potion of flight
 v - a potion of curing
 z - a potion of lignification
 B - a potion of brilliance {unknown}
 D - a potion of heal wounds
 I - 2 potions of invisibility {unknown}
Books
 t - a book of Fire

   Spells                             Type                      Level
   a - Ignite Poison                  Fire/Transmutation/Poison    3
   b - Fireball                       Conjuration/Fire             5
   c - Bolt of Fire                   Conjuration/Fire             6
   d - Delayed Fireball               Conjuration/Fire             7
   e - Ring of Flames                 Charms/Fire                  7
 C - a Grand Grimoire

   Spells                             Type                      Level
   a - Monstrous Menagerie            Summoning                    7
   b - Summon Greater Demon           Summoning                    7
   c - Malign Gateway                 Summoning/Translocation      7
   d - Summon Horrible Things         Summoning                    8
Comestibles
 a - a meat ration
 b - 3 bread rations
 g - 2 royal jellies
 m - 9 fruits
 q - a beef jerky


   Skills:
 + Level 7.9 Fighting
 * Level 9.8 Axes
 + Level 6.4 Dodging
 * Level 10.2 Invocations


You had 9 spell levels left.
You didn't know any spells.

Dungeon Overview and Level Annotations

Branches:
Dungeon (10/15)            Temple (0/1) D:7
   Lair: D:8-11         Orc: D:9-12

Altars:
Ashenzari
Cheibriados
Dithmenos
Fedhas
Gozag
Kikubaaqudgha
Makhleb
Nemelex Xobeh
Okawaru
Qazlal
Sif Muna
Trog
Vehumet
Xom
Yredelemnul
Zin
The Shining One

Annotations:
Abyss:1 Erolcha, Eustachio, Menkaure, Sigmund


Innate Abilities, Weirdness & Mutations

You can breathe waves of freezing cold.
You can buffet flying creatures when you breathe cold.
Your icy white scales are hard (AC +7).
Your body does not fit into most forms of armour.
Your flesh is cold resistant.
You are cold-blooded and may be slowed by cold attacks.
You can translocate small distances at will.
Scrolls take you a little longer to read.
Your body sometimes deteriorates upon taking damage.
Your spells are a little easier to cast, but a little less powerful.


Message History

The centaur shoots an arrow.
The arrow hits you!
* * * LOW HITPOINT WARNING * * *
Your limbs are stiffening.
You see here an arrow.
You kill the yak!
Lugonu accepts your kill.
The centaur shoots an arrow.
The arrow barely misses you. The gnoll hits you.
* * * LOW HITPOINT WARNING * * *
You have turned to stone.
The gnoll hits you but does no damage. The gnoll hits you!
* * * LOW HITPOINT WARNING * * *
The centaur unwields an uncursed shortbow.
The centaur hits you.
The centaur hits you but does no damage.
The centaur hits you.
* * * LOW HITPOINT WARNING * * *
The basilisk hisses menacingly.
The centaur hits you.
You die...

#............##
#####..........##
#......######.##
#......# #)# #......#
#.### #. #.[....# #...#
..######......#######..#
.............g##......##
.....# #>..gYWg@.######
...ggg##..((Sgc###
...tgg.#.rr..l##
...YrrS.(...YY#
...YY..(#######
P.♣Y.♣r## ....rYY


.P.PPZP ♣....♣ You could see 3 yaks, a basilisk, a wraith, a centaur, a
porcupine, 4 gnolls, an adder and a river rat.

Vanquished Creatures
  An unseen horror (D:8)
  A troll (D:8)
  3 slime creatures
  A basilisk (D:10)
  A yak (D:10)
  3 hippogriffs
  2 water moccasins
  A sky beast (D:9)
  An ice beast (D:8)
  An orc warrior (D:8)
  A phantom (D:9)
  5 ogres
  4 centaurs
  A big kobold (D:8)
  A giant frog (D:9)
  A gnoll sergeant (D:6)
  3 scorpions (D:5)
  4 killer bees (D:7)
  7 crimson imps
  3 jellies
  4 hounds
  3 giant frog skeletons
  2 orc priests (D:5)
  A centaur skeleton (D:9)
  2 iguanas
  6 orc wizards
  Natasha (D:4)
  9 worker ants
  A hound zombie (D:8)
  20 gnolls
  12 adders
  A river rat (D:10)
  An ooze (D:2)
  An adder zombie (D:6)
  An adder skeleton (D:6)
  2 worms
  A giant gecko (D:9)
  26 orcs
  A ball python (D:2)
  8 giant cockroaches
  3 hobgoblins (D:1)
  7 jackals
  12 kobolds
  6 quokkas
  12 bats
  3 giant gecko skeletons
  5 giant newts
  14 goblins
  2 goblin skeletons (D:6)
  2 goblin zombies (D:6)
  2 hobgoblin zombies (D:6)
  2 kobold skeletons (D:6)
  3 orc skeletons (D:6)
  2 orc zombies (D:6)
  8 rats
  A plant (D:9)
232 creatures vanquished.

Vanquished Creatures (others)
  The ghost of Voda the Stinger, a novice OpVM of Lugonu (D:5)
  A troll (D:9)
  2 orc wizards
  An iron imp (D:6)
  A quokka (D:9)
  A fungus (D:10)
  4 plants
11 creatures vanquished.

Grand Total: 243 creatures vanquished

Notes
Turn   | Place    | Note
--------------------------------------------------------------
     0 | Abyss:1  | namelastname112 the Draconian Abyssal Knight began the quest for the Orb.
     0 | Abyss:1  | Reached XP level 1. HP: 19/19 MP: 2/2
    28 | D:1      | Escaped the Abyss
   230 | D:1      | Reached XP level 2. HP: 4/26 MP: 3/3
   577 | D:1      | Reached ** piety under Lugonu
   683 | D:1      | Found a sparkling altar of Nemelex Xobeh.
   818 | D:1      | Reached XP level 3. HP: 29/31 MP: 5/5
   892 | D:2      | Found a faded altar to an unknown god.
  1314 | D:1      | Reached XP level 4. HP: 22/38 MP: 6/6
  1790 | D:2      | Found a basalt altar of Yredelemnul.
  1791 | D:2      | Found an opulent altar of Gozag.
  2186 | D:3      | Reached skill level 4 in Fighting
  2186 | D:3      | Reached XP level 5. HP: 46/46 MP: 7/7
  2314 | D:3      | Reached *** piety under Lugonu
  2542 | D:3      | Found a snail-covered altar of Cheibriados.
  3645 | D:4      | Found a radiant altar of Vehumet.
  3667 | D:4      | Found a shadowy altar of Dithmenos.
  3761 | D:4      | Noticed an ogre
  3774 | D:4      | Killed an ogre
  3774 | D:4      | Reached XP level 6. HP: 16/52 MP: 9/9
  4116 | D:4      | Noticed Natasha
  4126 | D:4      | Killed Natasha
  4236 | D:4      | Found a shimmering altar of Xom.
  4291 | D:5      | Entered Level 5 of the Dungeon
  4613 | D:5      | Found a bloodstained altar of Trog.
  4621 | D:5      | Noticed Sigmund
  4622 | D:5      | Banished Sigmund
  4622 | D:5      | Reached skill level 5 in Invocations
  4622 | D:5      | Reached XP level 7. HP: 60/60 MP: 10/10
  4622 | D:5      | Your scales start taking on an icy white colour.
  4622 | D:5      | Gained mutation: Your flesh is cold resistant. [White Draconian growth]
  4686 | D:5      | Found a burning altar of Makhleb.
  4724 | D:5      | Reached skill level 5 in Axes
  4884 | D:5      | Reached skill level 5 in Fighting
  5162 | D:6      | Noticed Eustachio
  5224 | D:6      | HP: 2/61 [orc/hand axe (3)]
  5231 | D:6      | Banished Eustachio
  5231 | D:6      | Reached skill level 6 in Invocations
  5238 | D:6      | HP: 3/61 [goblin skeleton (2)]
  5646 | D:6      | Reached XP level 8. HP: 40/68 MP: 12/12
  6042 | D:5      | Reached **** piety under Lugonu
  6122 | D:5      | Found a blossoming altar of Fedhas.
  6123 | D:5      | Found an ancient bone altar of Kikubaaqudgha.
  6179 | D:5      | Noticed Voda's ghost (novice OpVM)
  6181 | D:5      | Banished Voda's ghost
  6181 | D:5      | Reached skill level 7 in Invocations
  6370 | D:5      | Noticed Menkaure
  6376 | D:5      | Banished Menkaure
  7304 | D:6      | Found a glowing golden altar of the Shining One.
  7419 | D:6      | Found an iron altar of Okawaru.
  7855 | D:7      | Reached XP level 9. HP: 63/75 MP: 14/14
  8140 | D:7      | Found a stormy altar of Qazlal.
  8497 | D:7      | Found a staircase to the Ecumenical Temple.
  8548 | D:7      | Found a deep blue altar of Sif Muna.
  8776 | D:8      | Reached skill level 5 in Dodging
  9044 | D:8      | Reached skill level 8 in Invocations
  9454 | D:8      | Killed an unseen horror
  9623 | D:8      | Noticed Erolcha
  9623 | D:8      | Banished Erolcha
  9623 | D:8      | Reached skill level 9 in Invocations
  9741 | D:8      | Found a shattered altar of Ashenzari.
 10113 | D:8      | Reached XP level 10. HP: 66/86 MP: 16/16
 11134 | D:9      | Gained mutation: You can translocate small distances at will. [mutagenic meat]
 11135 | D:9      | Gained mutation: Your body sometimes deteriorates upon taking damage. [mutagenic meat]
 11136 | D:9      | Gained mutation: Scrolls take you a little longer to read. [mutagenic meat]
 11137 | D:9      | Gained mutation: Your spells are a little easier to cast, but a little less powerful. [mutagenic meat]
 11323 | D:9      | Found a glowing silver altar of Zin.
 11802 | D:9      | Reached skill level 10 in Invocations
 12033 | D:10     | Entered Level 10 of the Dungeon
 12358 | D:10     | HP: 4/88 [gnoll (3)]
 12360 | D:10     | Slain by a centaur

Vault maps used:
D:1:      minmay_arrival_checkered_box, nemelex_xobeh_ov_fountains_minmay
D:2:      gammafunk_temple_overflow_wave, ecumenical_altar_1,
          guppyfry_early_lair_pool
D:3:      nicolae_overflow_crystal_walls, first_bread, minmay_misc_feat_encased,
          st_stairs_7
D:4:      vehumet_crystals, grunt_dithmenos_smoke_and_mirrors, xom_teletrap_fun,
          uniq_natasha
D:5:      grunt_temple_overflow_growth_and_decay, kennysheep_little_box,
          lemuel_doored_altar, uniq_menkaure, uniq_sigmund
D:6:      nicolae_tso_besieged_by_evil, minmay_bad_closet,
          okawaru_altar_gauntlet_db, uniq_eustachio
D:7:      nicolae_qazlal_style_of_elements, led_sif_pool,
          minmay_temple_entry_glassed_door
D:8:      basic_altar, uniq_erolcha
D:9:      lemuel_crystal_altar, serial_bayou, serial_bayou_pond_a,
          serial_bayou_pond_e, serial_bayou_pond_e
D:10:     minmay_lair_entry_grove

Action                   |  1- 3 |  4- 6 |  7- 9 | 10-12 || total
-------------------------+-------+-------+-------+-------++-------
Melee: Hand axe          |   119 |   251 |   435 |   202 ||  1007
Throw: Throwing net      |       |     1 |       |       ||     1
Invok: Banish            |       |     1 |     8 |     1 ||    10
       Bend Space        |       |       |     1 |       ||     1
 Abil: Breathe Frost     |       |       |    18 |     3 ||    21
  Use: Potion            |       |     1 |     7 |       ||     8
       Scroll            |       |       |    12 |       ||    12
 Stab: Sleeping          |       |     3 |     2 |       ||     5
       Distracted        |       |     1 |     1 |       ||     2
  Eat: Chunk             |     1 |    12 |    13 |    12 ||    38
       Fruit             |       |       |     3 |       ||     3
       Beef jerky        |       |       |     1 |       ||     1
       Bread ration      |       |       |     1 |       ||     1
